 Dungeon Crawl Stone Soup version 0.31.0-32-g396128a36d (webtiles) character file.

Game seed: 11185568949630768459

100 mparten the Trooper (level 4, -1/48 HPs)
             Began as an Oni Cinder Acolyte on Mar 31, 2024.
             Was a High Priest of Ignis.
             Slain by a gnoll
             ... wielding a +0 club
              (4 damage)
             ... on level 2 of the Dungeon.
             The game lasted 00:04:12 (2015 turns).

mparten the Trooper (Oni Cinder Acolyte)            Turns: 2015, Time: 00:04:13

Health: -1/48      AC:  3    Str: 18    XL:     4   Next: 73%
Magic:  1/9        EV:  9    Int: 17    God:    Ignis [*****.]
Gold:   111        SH:  0    Dex:  4    Spells: 8/10 levels left

rFire   + . .        c - +2 short sword (drain)
rCold   . . .        (no shield)
rNeg    . . .        b - +0 robe
rPois   .            f - +0 hat
rElec   .            (no cloak)
rCorr   .            (gloves unavailable)
SInv    .            (boots unavailable)
Will    +....        (no amulet)
Stlth   +            l - ring of willpower
HPRegen 0.28/turn    (no ring)
MPRegen 0.11/turn

%: no passive effects
@: no status effects
A: large, unfitting armour, horns 1, tough skin 1, double potion healing,
drunken brawling
a: Renounce Religion, Fiery Armour, Foxfire Swarm, Rising Flame


You were on level 2 of the Dungeon.
You worshipped Ignis.
Ignis was extremely pleased with you.
You visited 1 branch of the dungeon, and saw 3 of its levels.

You collected 111 gold pieces.

Inventory:

Hand Weapons
 a - a -1 hand axe of flaming
 c - a +2 short sword of draining (weapon)
 d - a +4 spear
Armour
 b - a +0 robe (worn)
 f - a +0 hat (worn)
Jewellery
 l - a ring of willpower (left hand)
Wands
 m - a wand of paralysis (10)
Scrolls
 e - 2 scrolls of teleportation {unknown}
 g - 2 scrolls of identify {unknown}
 h - 2 scrolls of blinking {unknown}
 i - a scroll of silence {unknown}
 j - a scroll of enchant weapon {unknown}
 k - a scroll of immolation {unknown}
 n - a scroll of enchant armour {unknown}
 o - a scroll of noise {unknown}
Potions
 p - a potion of cancellation {unknown}


   Skills:
 - Level 4.0 Fighting
 - Level 3.0 Axes
 * Level 3.5 Spellcasting
 * Level 3.9 Fire Magic


You had 8 spell levels left.
You knew the following spells:

 Your Spells              Type           Power      Damage    Failure   Level
a - Scorch                Fire           32%        2d6       4%          2

Your spell library contained the following spells:

 Spells                   Type           Power      Damage    Failure   Level
 Slow                     Hex            8%         N/A       17%         1
 Confusing Touch          Hex            2%         N/A       45%         3
 Sigil of Binding         Hex            2%         N/A       45%         3
 Vampiric Draining        Necr           2%         2d6       45%         3


Dungeon Overview and Level Annotations

Branches:
Dungeon (3/15)

Altars:
Elyvilon


Innate Abilities, Weirdness & Mutations

You are too large for most types of armour.
You have a pair of small horns on your head.
You have tough skin. (AC +1)
You gain doubled healing and magic from potions.
Whenever you drink a healing potion, you attack all around you.


Message History

You take 2 damage, and have 21/48 hp.
The gnoll shouts!
The quokka barely misses you. The gnoll hits you but does no damage.
The quokka closely misses you. The gnoll attacks as it pursues you!
The gnoll hits you with a +0 club.
There is a stone staircase leading up here.
You take 4 damage, and have 17/48 hp.
The bat hits you. The quokka bites you. The gnoll completely misses you.
You climb upwards.
The gnoll enters a dispersal trap!
The bat blinks!
The quokka blinks!
The bat blinks!
You blink.
You stop ascending the stairs.
The gnoll blinks!
You take 1 damage, and have 16/48 hp.
You closely miss the gnoll. The gnoll completely misses you.
You closely miss the gnoll. The gnoll hits you with a +0 club!
* * * LOW HITPOINT WARNING * * *
You take 7 damage, and have 9/48 hp.
You hit the gnoll. You drain the gnoll.
The gnoll is almost dead.
The gnoll hits you with a +0 club.
* * * LOW HITPOINT WARNING * * *
You take 1 damage, and have 8/48 hp.
You closely miss the gnoll. Your headbutt misses the gnoll.
The gnoll is almost dead.
The gnoll barely misses you.
You hit the gnoll. You drain the gnoll.
You kill the gnoll!
You hit the quokka but do no damage. You drain the quokka.
The quokka is heavily wounded.
The quokka bites you.
* * * LOW HITPOINT WARNING * * *
The gnoll hits you with a +0 club.
* * * LOW HITPOINT WARNING * * *
You take 6 damage, and have 2/48 hp.
You are too injured to fight recklessly!
Casting: Scorch (safe; 4% risk of failure)
Confirm with . or Enter, or press ? or * to list all spells.
Flames lash the quokka.
You kill the quokka!
The gnoll hits you with a +0 club.
You die...

####...#.# #.......#
#.# .........#
#.......####.########
######..##
#..(....##...##......
##.###
#.......##.####......
#...# #.......##.#
#......
###.######....##.#
####'#. #.[##
#....#..# ##'#.
##..## #.g..#.##
####.... ##..#
#@##.#.# #.......
##.###)##.#.#
#.##....
#..##.##..ยง#
#.#####. ##..#.##..##
#.# #.
##.#.#...#####.# #.
#..^)b.##.....######
##.>##.##.####<.....
#####.##.# ######.
#.##.### #.


You could see a gnoll (very drained).

Vanquished Creatures
  2 adders (D:2)
  2 gnolls
  3 dart slugs
  2 ribbon worms (D:2)
  2 ball pythons
  4 endoplasms (D:2)
  3 giant cockroaches (D:1)
  5 goblins
  3 hobgoblins
  6 jackals
  3 kobolds
  6 quokkas
  4 bats
  2 frilled lizards (D:2)
47 creatures vanquished.

Notes
Turn   | Place    | Note
-------+----------+-------------------------------------------
     0 | D:1      | mparten the Oni Cinder Acolyte began the quest for the Orb.
     0 | D:1      | Reached XP level 1. HP: 24/24 MP: 2/2
   247 | D:1      | Reached XP level 2. HP: 32/32 MP: 4/4
   521 | D:1      | Reached XP level 3. HP: 39/39 MP: 6/6
   533 | D:1      | You fall into a shaft and drop 1 floor!
   566 | D:2      | Found a white marble altar of Elyvilon.
   782 | D:2      | Learned a level 2 spell: Scorch
  1062 | D:2      | Reached XP level 4. HP: 48/48 MP: 5/8
  2014 | D:2      | HP: 2/48 [gnoll/+0 club (3)]
  2015 | D:2      | Slain by a gnoll

Illustrated notes

Levels and vault maps discovered:
D:1:      psy_arrival_terrarium, layout_basic
D:2:      minmay_wonky_spiral, layout_basic, basic_altar
D:3:      layout_rooms, jmf_multi_god_temple2

Skill      XL: |  1  2  3 |
---------------+----------+-----
Fire Magic     | 3 |  3.9
Spellcasting   | 2 3 |  3.5
Fighting       | |  4.0
Axes           | |  3.0

Action                     |  1- 3 |  4- 6 || total
---------------------------+-------+-------++-------
  Melee: Hand axe          |     6 |       ||     6
         Short sword       |    47 |    43 ||    90
         Headbutt          |     6 |     6 ||    12
         Punch             |       |     1 ||     1
   Cast: Scorch            |     7 |    10 ||    17
 Armour: Robe              |    28 |    45 ||    73
  Dodge: Dodged            |    32 |    43 ||    75
